 Dungeon Crawl Stone Soup version 0.29-a0-340-g6efceafd81 (webtiles) character file.

Game seed: 7052810759370990990

72 spaghetti the Caller (level 4, -8/27 HPs)
             Began as an Octopode Summoner on Apr 19, 2022.
             Was a Follower of Cheibriados.
             Killed from afar by Ijyb (35 damage)
             ... with a bolt of acid
             ... on level 3 of the Dungeon.
             The game lasted 00:06:03 (2823 turns).

spaghetti the Caller (Octopode Summoner)            Turns: 2823, Time: 00:06:03

Health: -8/27      AC:  1    Str:  7 (10) XL:     4   Next: 26%
Magic:  8/16       EV: 14    Int: 21 (22) God:    Cheibriados [*.....]
Gold:   132        SH:  0    Dex: 26 (27) Spells: 1/7 levels left

rFire   . . .      SeeInvis .   (no weapon)
rCold   . . .      Faith    .   (no shield)
rNeg    . . .      Spirit   .   (helmet restricted)
rPois   .          Reflect  .   (no amulet)
rElec   .          Harm     .   d - ring of magical power
rCorr   .          Rampage  .   o - +6 ring of dexterity
Will    .....                   f - +6 ring of dexterity
Stlth   ++++......              (no ring)
HPRegen 0.09/turn               (no ring)
MPRegen 0.15/turn               (no ring)
                                (no ring)
                                (no ring)

@: very slow
A: almost no armour, amphibious, 8 rings, camouflage 1, gelatinous body 1,
(nimble swimmer 1), tentacles
a: Renounce Religion, Bend Time


You were on level 3 of the Dungeon.
You worshipped Cheibriados.
Cheibriados was aware of your devotion.
You visited 1 branch of the dungeon, and saw 3 of its levels.

You collected 132 gold pieces.


Innate Abilities, Weirdness & Mutations

You cannot wear most types of armour.
You are amphibious.
You can wear up to eight rings at the same time.
Your skin changes colour to match your surroundings (Stealth+).
Your rubbery body absorbs attacks. (AC +1, EV +1)
((You are camouflaged when in or above water. (Stealth+)))
You have tentacles for arms and can constrict up to eight enemies at once.


   Skills:
 - Level 2.0 Dodging
 - Level 2.6 Stealth
 - Level 2.0 Spellcasting
 + Level 5.3 Summonings
 + Level 1.6 Air Magic


You had one spell level left.
You knew the following spells:

 Your Spells              Type           Power      Damage    Failure   Level
a - Summon Small Mammal   Summ           96%        N/A       1%          1
b - Call Imp              Summ           24%        N/A       2%          2
c - Call Canine Familiar  Summ           24%        N/A       4%          3

Your spell library contained the following spells:

 Spells                   Type           Power      Damage    Failure   Level
 Sting                    Tmut/Pois      8%         1d3       14%         1
 Corpse Rot               Necr/Air       10%        N/A       16%         2
 Poisonous Vapours        Pois/Air       10%        N/A       16%         2
 Summon Guardian Golem    Hex/Summ       13%        N/A       16%         3
 Summon Lightning Spire   Summ/Air       16%        N/A       34%         4
 Olgreb's Toxic Radiance  Pois           2%         N/A       82%         4

Inventory:

Hand Weapons
 b - a +0 spear {polearm}
   (You found it on level 1 of the Dungeon)
 c - a +0 dagger {short}
   (You took it off a kobold on level 2 of the Dungeon)
 g - a +0 dagger {short}
   (You took it off a goblin on level 1 of the Dungeon)
 h - a +0 spear {polearm}
   (You found it on level 1 of the Dungeon)
 j - a +0 club {mace}
   (You took it off a goblin on level 1 of the Dungeon)
 l - a +0 club {mace}
   (You took it off a goblin on level 1 of the Dungeon)
 m - a +0 hand axe {axe}
   (You found it on level 1 of the Dungeon)
 n - a +0 club {mace}
   (You took it off a goblin on level 2 of the Dungeon)
 p - a +0 dagger {short}
   (You found it on level 1 of the Dungeon)
 q - a +0 club {mace}
   (You took it off a kobold on level 2 of the Dungeon)
 r - a +0 club {mace}
   (You found it on level 2 of the Dungeon)
 s - a +0 club {mace}
   (You found it on level 1 of the Dungeon)
 t - a +0 dagger {short}
   (You took it off a goblin on level 1 of the Dungeon)
 u - a +0 hunting sling {sling}
   (You found it on level 2 of the Dungeon)
 w - a +0 dagger {short}
   (You took it off a goblin on level 2 of the Dungeon)
 x - a +0 club {mace}
   (You took it off a goblin on level 2 of the Dungeon)
 z - a +0 flail {mace}
   (You took it off an orc on level 3 of the Dungeon)
Missiles
 e - 30 stones {throwing}
 y - 3 poisoned darts {throwing}
Jewellery
 d - a ring of magical power (left tentacle)
   (You found it on level 1 of the Dungeon)
 f - a +6 ring of dexterity (on tentacle)
   (You found it on level 2 of the Dungeon)
 o - a +6 ring of dexterity (right tentacle)
   (You found it on level 1 of the Dungeon)
Scrolls
 i - 2 scrolls of fear {unknown}
 k - a scroll of teleportation {@r4}
 v - a scroll of immolation {unknown}
Potions
 a - a potion of magic
 A - a potion of curing {unknown}

Dungeon Overview and Level Annotations

Branches:
Dungeon (3/15)

Altars:
Cheibriados

Shops:
D:2 [

Annotations:
D:3 Ijyb

#.. .. .: .#
#.# #.# #..#
#..# #...#...#
#.......#
####......###
#..ยงg.ยง@....#
######
#..rb.#'###.#
.....# #....
#.# .....# #...
#.# .....#. #..
#.# .....#.# #.
#.# .....#.# #
#.# .โ€ ..โ€
#.# #.#
.....#.# #.#


You could see Ijyb (ally target), a friendly quokka (summoned) and a friendly
bat (summoned).


Message History

You swap places.
Your bat disappears in a puff of smoke!
You open the door.
You swap places.
Key pressed, stopping explore.
There is an open door here.
Key pressed, stopping explore.
A - an emerald potion You open the door.
There is an open door here.
Ijyb the Twisted Goblin comes into view.
She is wielding a +0 club, wearing a +0 ring mail of fire resistance and carrying a wand of acid (9).
Casting: Summon Small Mammal (safe; 1% risk of failure)
Confirm with . or Enter, or press ? or * to list all spells.
The spell is quite dangerous to miscast (4% risk of failure)!
Continue anyway? ๐Ÿ˜Ž MP[-3]
You lost 3 mp, and now have 13/16 mp.
Casting: Call Canine Familiar (quite dangerous; 4% risk of failure)
Confirm with . or Enter, or press ? or * to list all spells.
A beastly little devil appears in a puff of flame. ๐Ÿ˜Ž MP[-2]
You lost 2 mp, and now have 11/16 mp.
Casting: Call Imp (safe; 2% risk of failure)
Confirm with . or Enter, or press ? or * to list all spells.
Your crimson imp blinks! ๐Ÿ˜Ž MP[-1]
You lost 1 mp, and now have 10/16 mp.
Casting: Summon Small Mammal (safe; 1% risk of failure)
Confirm with . or Enter, or press ? or * to list all spells.
๐Ÿ˜Ž MP[-1]
You lost 1 mp, and now have 9/16 mp.
What are your orders? t - Shout!
Orders for allies: a - Attack new target. r - Retreat! s - Stop attacking. g - Guard the area. f - Follow me.
Anything else - Cancel.
Gang up on whom?
Press: ? - help, Dir - move target, f - Ijyb
Aim: Ijyb, wielding a +0 club, wearing a +0 ring mail of fire resistance and carrying a wand of acid (9) (asleep, ally target) Attack!
Your hound bites Ijyb.
Your bat closely misses Ijyb.
Ijyb closely misses your hound.
Your hound bites Ijyb but does no damage.
Your crimson imp blinks! ๐Ÿ˜Ž MP[+1]
Your bat completely misses Ijyb.
Your hound barely misses Ijyb.
Ijyb hits your hound but does no damage.
Your crimson imp misses Ijyb.
Your bat completely misses Ijyb.
Your hound closely misses Ijyb.
Ijyb hits your hound with a +0 club.
Your hound bites Ijyb but does no damage.
Your crimson imp hits Ijyb but does no damage.
Your hound bites Ijyb but does no damage.
Your bat closely misses Ijyb.
Ijyb barely misses your hound.
Your crimson imp closely misses Ijyb.
Your hound bites Ijyb but does no damage.
Your bat misses Ijyb.
Ijyb zaps a wand.
The bolt of acid misses your hound.
Your hound closely misses Ijyb.
Your quokka bites Ijyb but does no damage.
Your crimson imp hits Ijyb but does no damage.
Your hound bites Ijyb but does no damage.
Ijyb misses your hound.
Your quokka closely misses Ijyb.
Your crimson imp barely misses Ijyb.
Your hound misses Ijyb.
Your bat closely misses Ijyb.
Ijyb zaps a wand.
The bolt of acid hits your hound!! The acid corrodes your hound!
Your hound dies!
Your hound's corpse disappears in a puff of smoke!
Your quokka bites Ijyb but does no damage.
Your crimson imp barely misses Ijyb.
Unknown command.
Unknown command.
Casting: Summon Small Mammal (safe; 1% risk of failure)
Confirm with . or Enter, or press ? or * to list all spells.
The spell is quite dangerous to miscast (4% risk of failure)!
Continue anyway?
Your quokka bites Ijyb but does no damage.
Your bat hits Ijyb but does no damage. ๐Ÿ˜Ž MP[-2]
You lost 2 mp, and now have 8/16 mp.
What are your orders? t - Shout!
Orders for allies: a - Attack new target. p - Attack previous target. r - Retreat! s - Stop attacking. g - Guard the area. f - Follow me.
Anything else - Cancel.
Gang up on whom?
Press: ? - help, Dir - move target, f/p - Ijyb
Aim: Ijyb, wielding a +0 club, wearing a +0 ring mail of fire resistance and carrying a wand of acid (7) (grey smoke, lightly wounded, ally target) Attack!
Your bat misses Ijyb.
Your quokka bites Ijyb.
Your crimson imp disappears in a puff of smoke!
Ijyb zaps a wand.
The bolt of acid hits your hound!! The acid corrodes your hound!
Your hound dies!
Your hound's corpse disappears in a puff of smoke!
The bolt of acid hits you!!
Ouch! That really hurt!
You die...

Skill      XL: |  1  2  3 |
---------------+----------+-----
Summonings     | 5 |  5.3
Air Magic      | 1 |  1.6
Dodging        | |  2.0
Stealth        | |  2.6
Spellcasting   | |  2.0

Action                   |  1- 3 |  4- 6 || total
-------------------------+-------+-------++-------
Melee: Unarmed           |    40 |     5 ||    45
       Tentacles         |     7 |     2 ||     9
       Constrict         |     7 |     2 ||     9
 Cast: Summon Small Mamm |    32 |     8 ||    40
       Call Imp          |    17 |     4 ||    21
       Call Canine Famil |     2 |     6 ||     8
  Use: Potion            |     4 |       ||     4
       Scroll            |     3 |       ||     3
Armor: Skin              |    16 |     1 ||    17
Dodge: Dodged            |    41 |     6 ||    47

Levels and vault maps discovered:
D:1:      heliophobic_arrival_glass_houses, layout_basic,
          shapermc_ecumenical_altar_venn, roderic_serpentine_path,
          minmay_tetromino_t4
D:2:      layout_basic, serial_shops, shop_statue
D:3:      layout_basic, okawaru_metal_pillars_3, serial_undead, serial_undead_b,
          serial_undead_a, serial_undead_d, serial_undead_b, serial_undead_f,
          serial_undead_d, nicolae_figureground_sparkle, uniq_jessica,
          uniq_ijyb, uniq_crazy_yiuf_cottage

Notes
Turn   | Place    | Note
-------+----------+-------------------------------------------
     0 | D:1      | spaghetti the Octopode Summoner began the quest for the
                  | Orb.
     0 | D:1      | Reached XP level 1. HP: 11/11 MP: 3/3
     0 | D:1      | magus.rc [v1.9.6]
    34 | D:1      | You pick up a book of Vapours and begin reading...
    34 | D:1      | You add the spells Poisonous Vapours and Corpse Rot to your
                  | library.
   148 | D:1      | Found a faded altar of an unknown god.
   173 | D:1      | Reached XP level 2. HP: 15/17 MP: 3/5
   258 | D:1      | Prayed at the altar of an unknown god.
   258 | D:1      | Became a worshipper of Cheibriados the Contemplative
   258 | D:1      | Reached * piety under Cheibriados
   288 | D:1      | Learned a level 2 spell: Call Imp
   970 | D:1      | You pick up a book of Callings and begin reading...
  1138 | D:1      | Reached XP level 3. HP: 21/21 MP: 6/6
  1337 | D:2      | Reached skill level 5 in Summonings
  1420 | D:2      | Found Cariru's Armour Emporium.
  1437 | D:2      | HP: 5/21 [poisoned by an adder]
  1443 | D:2      | HP: 4/31 [poisoned by an adder]
  1448 | D:2      | HP: 2/31 [poisoned by an adder]
  1453 | D:2      | Learned a level 3 spell: Call Canine Familiar
  1458 | D:2      | Reached skill level 1 in Air Magic
  2058 | D:2      | Reached XP level 4. HP: 27/27 MP: 7/7
  2346 | D:2      | You add the spells Sting and Olgreb's Toxic Radiance to
                  | your library.
  2807 | D:3      | Noticed Ijyb
  2823 | D:3      | Killed from afar by Ijyb

Vanquished Creatures
  A bat (D:1)
  2 goblins
  3 jackals
  A ball python (D:1)
  A frilled lizard (D:2)
8 creatures vanquished.

Vanquished Creatures (collateral kills)
  2 adders (D:2)
  2 dart slugs
  An orc (D:3)
  2 endoplasms
  2 giant cockroaches (D:1)
  5 goblins
  8 hobgoblins
  4 jackals
  2 kobolds (D:2)
  A ball python (D:2)
  3 bats (D:1)
  A rat (D:2)
33 creatures vanquished.

Grand Total: 41 creatures vanquished

Table legend:
 A = Non-vault XP
 B = Vault XP
 C = Vault XP percentage of total XP
 D = Non-vault monster count
 E = Vault monster count
 F = Vault count percentage of total count
                 A         B        C        D         E       F
            +---------+---------+-------+---------+---------+-------
      Total |     102 |       2 |   1.9 |      40 |       1 |   2.4
            +---------+---------+-------+---------+---------+-------
        D:1 |      34 |       2 |   5.6 |      18 |       1 |   5.3
        D:2 |      61 |       0 |   0.0 |      20 |       0 |   0.0
        D:3 |       7 |       0 |   0.0 |       2 |       0 |   0.0
            +---------+---------+-------+---------+---------+-------

Illustrated notes

Table legend:
 A = Kills in this place as a percentage of kills in entire the game.
 B = Kills by you in this place as a percentage of kills by you in the entire game.
 C = Kills by friends in this place as a percentage of kills by friends in the entire game.
 D = Other kills in this place as a percentage of other kills in the entire game.
 E = Experience gained in this place as a percentage of experience gained in the entire game.
 F = Experience gained in this place divided by the number of levels of this place that you have seen.
                   A       B       C       D       E      F
               +-------+-------+-------+-------+-------+----------------------
         Total | 100.0 | 100.0 | 100.0 |   N/A | 100.0 |  34.7
       Dungeon | 100.0 | 100.0 | 100.0 |   N/A | 100.0 |  34.7
               +-------+-------+-------+-------+-------+----------------------

Table legend: (Time is in decaauts)
 A = Elapsed time spent in this place.
 B = Non-inter-level travel time spent in this place.
 C = Inter-level travel time spent in this place.
 D = Time resting spent in this place.
 E = Time spent auto-exploring this place.
 F = Levels seen in this place.
 G = Mean time per level.
                   A        B        C        D        E       F      G
               +--------+--------+--------+--------+--------+-----+--------+
         Total |   3326 |   3245 |     81 |    466 |   2375 |   3 | 1108.7 |
       Dungeon |   3326 |   3245 |     81 |    466 |   2375 |   3 | 1108.7 |
               +--------+--------+--------+--------+--------+-----+--------+

Top non-repeatable levels by time:
     D:1: 1525 daAuts
     D:2: 1515 daAuts
     D:3: 286 daAuts
